Cogmind - Beta 13 @@@ ROGUE MODE // 2024.04.17 @ 21:25:48 Player: leiavoia Result: Destroyed by S-43 Plague with Heavy Machine Gun Performance ------------- Evolutions (9) 4500 Regions Visited (32) 6400 Robots Destroyed (181) 905 Value Destroyed (6956) 6956 Prototype IDs (92) 1840 Alien Tech Used (10) 2000 Bonus (25662) 25662 TOTAL SCORE: 48263 Bonus ------- High Alert Combat Kills 650 Follower Combat Kills 2306 Network Hubs Disabled 600 Met Data Miner 300 Met Zhirov 300 Met Warlord at Base 500 MAIN.C Attacked Warlord 500 Warlord Defense Kills 100 Built Enhanced Grunts 300 A7 Reached Mainframe 300 Met R17 at Cetus 500 Used Core Reset Matrix 3000 Hacked Protovariant 500 Met R17 at Research 2000 Met Warlord at Research 2000 Scanned by Researcher 500 Destroyed MAIN.C Guards 500 Met MAIN.C 5000 Destroyed MAIN.C Shell 5000 Met Warlord at Command 2000 Friendly Fire -1194 Cogmind --------- Core Integrity 0/1600 Matter 289/300 Energy 95/100 System Corruption 4% Temperature Cool (9) Movement Core (350) Ox6 Location -1/Command Parts ------- > --- POWER (3) -------- (None) > --- PROPULSION (9) --- (None) > --- UTILITY (10) ----- Large Storage Unit Graphene Brace > --- WEAPON (3) ------- (None) > --- INVENTORY (17) --- Micro Antimatter Reactor Gravmag System Advanced Coolant Injector Transdimensional Reconstructor Enhanced Nova Cannon Railgun Slug Cannon Graviton Cannon Peak State ------------ > --- POWER ------------ Compact Particle Reactor Quantum Reactor Quantum Reactor > --- PROPULSION ------- Combat Gravmag System Combat Gravmag System Cooled Antigrav System Cooled Antigrav System Combat Antigrav System Combat Antigrav System Combat Linear Gravjet Combat Linear Gravjet Combat Linear Gravjet > --- UTILITY ---------- Experimental Coolant Injector Large Storage Unit Advanced Target Analyzer Advanced Weapon Cycler Centrium Medium Armor Plating Heavy Regenerative Plating Graphene Brace Experimental EM Disruption Field Experimental Force Field > --- WEAPON ----------- Hypervelocity Multirail Sigix Broadsword > --- INVENTORY -------- Light Antimatter Reactor Quantum Reactor Light Quantum Reactor Cooled Antigrav System Combat Linear Gravjet Matter Filter Improved Kinecellerator Improved Reaction Control System Backup Plating VII Transdimensional Reconstructor High-powered Transdimensional Reconstructor Integrity Redistributor Vortex Rail Enhanced Nova Cannon Hardcell Cannon Graviton Cannon Neutron Missile Launcher [Rating: 232] Favorites ----------- Power Vortex Chain Reactor Engine Cooled Deuterium Engine Power Core Neutrino Core Reactor Vortex Chain Reactor Propulsion Combat Gravmag System Hover Unit Combat Gravmag System Utility Advanced Sensor Array Device Advanced Sensor Array Storage Medium Storage Unit Processor Advanced Terrain Scan Processor Hackware Improved Hacking Suite Protection Centrium Medium Armor Plating Weapon Great Maul Energy Gun Warp Gun Energy Cannon Heavy Plasma Cannon Ballistic Gun Light Assault Rifle Ballistic Cannon Improved Light Cannon Launcher Tiamat Missile Launcher Special Weapon RU-N14's Throwing Claymores v3 Impact Weapon Great Maul Slashing Weapon Sigix Broadsword Piercing Weapon Spear Build | -11 -10 -10 -9 -9 -8 -7 -7 -7 -7 -6 -6 -6 -6 -6 -6 -5 -5 -5 -5 -4 -4 -4 -4 -4 -3 -3 -3 -2 -2 -2 -1 -1 ------- Run | Yrd Mat Min Mat Min Mat Fac Low Low Dat Pro Fac Ext Cet Arc Hub Fac Upp Upp War Pro Fac Upp Upp Zhi Pro Res Tes Res Qua Sec Acc Com Slots Evolved 18 | . . . 2 . 2 2 . . . . 2 . . . . 2 . . . . 2 . . . . 2 . 2 . . 2 . Power 2 | . . . . . . . . . . . . . . . . 1 . . . . . . . . . . . . . . 1 . Propulsion 7 | . . . 1 . 1 1 . . . . 1 . . . . . . . . . 1 . . . . 1 . 1 . . . . Utility 8 | . . . 1 . 1 1 . . . . 1 . . . . 1 . . . . 1 . . . . 1 . 1 . . . . Weapon 1 | . . . . . . . . . . . . . . . . . . . . . . . . . . . . . . . 1 . Parts Attached 459 | 3 10 6 9 10 21 26 3 4 1 3 6 12 4 11 9 39 10 13 18 6 11 4 9 5 15 18 29 7 26 30 26 55 Power 25 | . 1 . 1 1 1 4 . . . . . . . . . 3 . . 1 . . . . . . . 2 . 1 . 3 7 Engine 9 | . 1 . 1 1 1 3 . . . . . . . . . 2 . . . . . . . . . . . . . . . . Core 2 | . . . . . . 1 . . . . . . . . . 1 . . . . . . . . . . . . . . . . Reactor 14 | . . . . . . . . . . . . . . . . . . . 1 . . . . . . . 2 . 1 . 3 7 Propulsion 60 | . 2 . . 2 2 5 . . . 1 1 2 1 5 4 6 . . 2 . 4 . 2 1 . 2 1 2 . 6 4 5 Treads . | . . . . . . . . . . . . . . . . . . . . . . . . . . . . . . . . . Leg . | . . . . . . . . . . . . . . . . . . . . . . . . . . . . . . . . . Wheel . | . . . . . . . . . . . . . . . . . . . . . . . . . . . . . . . . . Hover 60 | . 2 . . 2 2 5 . . . 1 1 2 1 5 4 6 . . 2 . 4 . 2 1 . 2 1 2 . 6 4 5 Flight . | . . . . . . . . . . . . . . . . . . . . . . . . . . . . . . . . . Utility 216 | 1 1 2 2 4 6 8 2 1 . . 3 4 2 4 2 18 6 9 8 4 4 4 5 3 10 12 14 3 16 16 13 29 Device 140 | 1 . 2 2 2 4 4 1 . . . 2 2 . 1 1 10 6 6 7 4 1 4 2 . 7 7 8 1 14 10 9 22 Storage 7 | . 1 . . . 1 . . . . . 1 . . . . . . . . . 1 . 1 1 . . . 1 . . . . Processor 9 | . . . . 1 . . . 1 . . . . . . . 1 . . . . . . . . . . . 1 1 2 . 2 Hackware 15 | . . . . . . . 1 . . . . . . 3 . 3 . . . . 1 . . . . 2 1 . . . . 4 Protection 45 | . . . . 1 1 4 . . . . . 2 2 . 1 4 . 3 1 . 1 . 2 2 3 3 5 . 1 4 4 1 Artifact . | . . . . . . . . . . . . . . . . . . . . . . . . . . . . . . . . . Weapon 158 | 2 6 4 6 3 12 9 1 3 1 2 2 6 1 2 3 12 4 4 7 2 3 . 2 1 5 4 12 2 9 8 6 14 Energy Gun 17 | . 2 1 1 . 5 . . . . . . . . . . . . . 1 1 . . . . . . 3 . . . . 3 Energy Cannon 48 | . . . . . 4 5 . 1 1 . . . . . 1 3 1 1 4 . 2 . 1 1 3 3 5 2 4 3 2 1 Ballistic Gun 24 | 2 3 3 2 . . . . . . . . 1 1 1 2 . . . . . . . . . . . 1 . 1 1 1 5 Ballistic Cannon 18 | . . . 1 . 1 3 . 1 . 1 1 2 . . . 2 1 1 . . . . . . . . . . . . 1 3 Launcher 17 | . 1 . . 1 . . . . . . . . . . . 3 1 1 1 . 1 . 1 . 2 . 2 . . . 2 1 Special Weapon 1 | . . . . . . . . . . . . . . . . . . . 1 . . . . . . . . . . . . . Impact Weapon 13 | . . . . . . . . . . . . 2 . 1 . 4 1 1 . 1 . . . . . 1 1 . 1 . . . Slashing Weapon 18 | . . . 2 2 2 . . 1 . 1 1 1 . . . . . . . . . . . . . . . . 3 4 . 1 Piercing Weapon 2 | . . . . . . 1 1 . . . . . . . . . . . . . . . . . . . . . . . . . Special Melee Weapon . | . . . . . . . . . . . . . . . . . . . . . . . . . . . . . . . . . Unidentified Prototypes 42 | . . 1 1 . 2 3 . . . . . . 2 . . 1 . . 8 . . . . 3 . . 8 . 5 6 . 2 Parts Lost 67 | . 2 . 4 4 8 8 . . . . . . . . 3 4 . . . . 1 . . . . 1 1 . 2 1 3 25 Power 11 | . . . 1 . 2 1 . . . . . . . . . . . . . . . . . . . . . . . . 1 6 Propulsion 24 | . . . 2 . 2 2 . . . . . . . . 3 4 . . . . . . . . . . . . . 1 . 10 Utility 20 | . . . 1 2 1 3 . . . . . . . . . . . . . . 1 . . . . 1 1 . 2 . 2 6 Weapon 12 | . 2 . . 2 3 2 . . . . . . . . . . . . . . . . . . . . . . . . . 3 Highest Loss Streak 22 | . 2 . 4 3 6 4 . . . . . . . . 2 1 . . . . 1 . . . . 1 1 . 1 1 2 22 To Critical Strikes . | . . . . . . . . . . . . . . . . . . . . . . . . . . . . . . . . . Average Slot Usage (%) 88 | . 87 100 67 21 79 66 100 100 94 100 99 93 93 96 92 90 88 91 93 94 93 94 94 88 94 94 91 90 87 85 91 90 Engine 3 | . 13 14 8 . 6 2 7 7 7 7 6 6 6 6 6 4 5 5 2 . . . . . . . . . . . . . Reactor 2 | . . . . . . . . . . . . . . . . . . . 2 5 5 5 5 5 5 4 3 4 3 4 11 11 Hover 32 | . 23 28 14 . 23 14 38 38 38 38 40 40 40 40 32 27 29 29 31 35 36 36 36 36 36 38 38 39 39 38 35 35 Device 14 | . 14 14 18 17 14 16 10 15 15 15 15 9 6 6 6 10 16 20 22 23 17 15 20 15 14 15 19 15 11 11 9 16 Storage 4 | . 7 14 8 . 7 5 . . . . 3 6 6 6 6 5 5 5 5 5 5 5 5 5 5 4 4 4 4 4 4 4 Processor 4 | . . . . . 9 7 7 7 7 7 6 6 6 6 6 5 5 5 5 5 5 5 5 5 5 2 . 1 8 8 8 3 Hackware 6 | . . . . . . . 6 7 7 7 6 6 6 13 18 12 5 5 5 5 10 10 10 10 10 11 9 8 8 8 8 3 Protection 3 | . . . . . 2 4 12 7 7 7 6 3 6 2 1 4 . . . . 2 5 . 4 5 6 4 8 5 4 6 6 Energy Cannon 3 | . . . . . 5 5 5 6 1 2 . . . . 1 4 4 4 4 5 4 5 4 . 4 4 2 4 1 . . 2 Ballistic Gun 1 | . 24 27 8 . . . . . . . . 2 6 12 8 . . . . . . . . . . . . . . . . 1 Impact Weapon 2 | . . . . . . . . . . . . 1 6 . 2 4 5 3 5 5 5 5 5 5 5 4 4 4 1 . . . Slashing Weapon 1 | . . . 5 2 3 . . 6 7 11 8 6 . . . . . . . . . . . . . . . . 1 3 4 3 Naked Turns . | . . . . . . . . . . . . . . . . . . . . . . . . . . . . . . . . . Heaviest Build 146 | 3 13 11 12 7 25 42 32 33 32 33 43 54 50 52 41 62 68 83 67 75 86 86 81 75 92 95 99 103 108 105 126 146 Greatest Support 134 | 3 12 12 12 24 36 39 39 39 39 41 50 50 50 54 57 70 70 70 77 77 96 95 86 92 92 111 111 124 124 128 127 134 Greatest Overweight (x) 2 | . 1 . . 1 . 2 . . . . . 1 . 1 . 1 . 1 . . . . . . . . . . . . 1 1 Average Overweight (x) . | . . . . . . . . . . . . . . . . . . . . . . . . . . . . . . . . . Largest Inventory Capacity 17 | 5 8 8 8 5 10 10 5 5 5 5 10 10 10 10 10 10 10 10 10 10 15 15 15 15 15 15 15 15 15 17 17 17 Average Capacity 11 | 5 6 8 7 5 8 8 5 5 5 5 7 10 10 10 10 10 10 10 10 10 11 15 15 15 15 15 15 15 15 16 17 17 Most Carried 17 | 5 8 8 8 5 10 10 5 5 5 5 10 10 10 10 10 10 10 10 10 10 15 15 15 15 15 15 15 15 15 17 17 17 Average Carried 10 | 3 6 7 7 4 7 7 4 4 5 4 7 9 9 9 9 9 9 9 9 10 10 15 14 14 15 14 14 14 14 15 16 16 Final Capacity 17 | 5 8 8 5 5 10 5 5 5 5 5 10 10 10 10 10 10 10 10 10 10 15 15 15 15 15 15 15 15 15 17 17 17 Final Carried 17 | 4 8 8 5 5 8 5 5 5 5 5 10 10 10 10 7 10 10 10 10 10 15 15 15 15 15 15 14 15 15 17 17 8 Class Distribution -------------------- 24% | Mutant 11% | Scavenger-Mutant 11% | Scavenger-Scout 10% | Machinist-Mutant 7% | Hacker-Mutant 6% | Derelict-Mutant 6% | Alien-Mutant 5% | Machinist-Scout 5% | Hacker-Scout 4% | Alien-Scout Dominant Class ---------------- Mutant | -10/Materials Mutant | -10/Mines Mutant | -9/Materials Mutant | -9/Mines Scavenger-Mutant | -8/Materials Mutant | -7/Factory Mutant | -7/Lower Caves Mutant | -7/Lower Caves Derelict-Mutant | -7/Data Miner Derelict-Mutant | -6/Proximity Caves Derelict-Mutant | -6/Factory Scavenger-Mutant | -6/Extension Commander-Mutant | -6/Cetus Scavenger-Mutant | -6/Archives Scavenger-Mutant | -6/Hub_04(d) Scavenger-Scout | -5/Factory Mutant | -5/Upper Caves Scavenger-Scout | -5/Upper Caves Mutant | -5/Warlord Scout | -4/Proximity Caves Hacker-Scout | -4/Factory Machinist-Scout | -4/Upper Caves Hacker-Scout | -4/Upper Caves Hacker-Mutant | -4/Zhirov Machinist-Scout | -3/Proximity Caves Machinist-Mutant | -3/Research Machinist-Mutant | -3/Testing Hacker-Mutant | -2/Research Hacker-Mutant | -2/Quarantine Alien-Mutant | -2/Section 7 Alien-Scout | -1/Access Alien-Mutant | -1/Command Resources | -11 -10 -10 -9 -9 -8 -7 -7 -7 -7 -6 -6 -6 -6 -6 -6 -5 -5 -5 -5 -4 -4 -4 -4 -4 -3 -3 -3 -2 -2 -2 -1 -1 ----------- Run | Yrd Mat Min Mat Min Mat Fac Low Low Dat Pro Fac Ext Cet Arc Hub Fac Upp Upp War Pro Fac Upp Upp Zhi Pro Res Tes Res Qua Sec Acc Com Matter Collected 7026 | 244 77 64 49 219 291 407 234 47 . 45 67 280 72 334 20 543 279 292 225 60 262 47 214 45 302 205 253 177 267 440 306 659 Remotely . | . . . . . . . . . . . . . . . . . . . . . . . . . . . . . . . . . Salvage Created 9531 | 43 79 44 94 22 521 402 109 . . 45 113 812 77 302 127 677 62 279 29 . 360 53 359 259 429 287 392 266 445 544 648 1652 Parts 372 | 4 8 4 4 . 32 19 5 . . 4 12 30 2 29 15 20 3 11 . . 15 . 6 . 8 8 20 8 16 30 32 27 Haulers Intercepted 11 | . . . . . 3 . . . . . . 1 . . . . . . . . 1 . 1 . . 1 . 2 . 1 1 . Recyclers Shooed 6 | . . . . . 1 2 . . . . . . . . . 1 . . . . . . . . . . . . . . . 2 Parts Field Recycled . | . . . . . . . . . . . . . . . . . . . . . . . . . . . . . . . . . Retrieved Matter . | . . . . . . . . . . . . . . . . . . . . . . . . . . . . . . . . . Parts Self-Destructed 29 | . . . . . . . . 3 . 3 . . . . . . 14 7 . . . . 2 . . . . . . . . . Prevented 6 | . . . . . . . . . . . . . . . . . . . . . . . . . 6 . . . . . . . Kills | -11 -10 -10 -9 -9 -8 -7 -7 -7 -7 -6 -6 -6 -6 -6 -6 -5 -5 -5 -5 -4 -4 -4 -4 -4 -3 -3 -3 -2 -2 -2 -1 -1 ------- Run | Yrd Mat Min Mat Min Mat Fac Low Low Dat Pro Fac Ext Cet Arc Hub Fac Upp Upp War Pro Fac Upp Upp Zhi Pro Res Tes Res Qua Sec Acc Com Combat Hostiles Destroyed 94 | . 4 3 2 3 4 12 . . . 1 1 1 1 . 1 11 2 4 1 . 6 . 5 . 6 . 6 . 3 4 7 6 Melee 10 | . . . . 2 1 1 . . . 1 1 1 . . . . . . . . . . . . . . . . . 3 . . Guns 17 | . 2 1 1 . 1 . . . . . . . 1 . 1 . . . . . . . . . . . 2 . 2 1 3 2 Cannons 16 | . . . 1 . . 10 . . . . . . . . . 1 1 2 . . . . . . . . . . . . . 1 AOE 48 | . 2 2 . 1 2 1 . . . . . . . . . 10 1 2 1 . 6 . 5 . 4 . 4 . . . 4 3 Classes Destroyed 23 | 1 3 . 1 1 4 . 1 . . 1 1 2 . . . 1 . 1 . . . . . . . . 1 . 1 2 . 2 Worker 10 | . . . . . 1 2 . . . . 1 . . . 1 1 . . . . 1 . . . . 1 . 1 . . . 1 Builder 13 | . . . . . 3 . . . . . . 3 . . 2 1 . . . . 2 . . . . . . 2 . . . . Tunneler 6 | 2 . . . . 1 . . . . . 1 . . . . 2 . . . . . . . . . . . . . . . . Hauler 11 | . . . . . 3 . . . . . . 1 . . . . . . . . 1 . 1 . . 1 . 2 . 1 1 . Recycler 19 | . . . . . 3 1 . . . . . 4 . . . 4 . . . . 1 . . . . 1 . . 1 1 2 1 Minesweeper 2 | . . . . . . . . . . . . . . . . . . 2 . . . . . . . . . . . . . . Mechanic 1 | . . . . . . . . . . . . . . . . . . . . . . . . . . . . . . . . 1 Operator 12 | . 1 . . . 1 . . . . . . 1 . 7 . . . . . . . . . . . . . 1 . . . 1 Watcher 9 | . . . . . . . . . . . . . . . . 2 . . . . 1 . . . . 2 2 . . 2 . . Swarmer 45 | . 3 3 . . 4 3 . . . . . . . . 1 10 1 . . . 4 . . . 4 . 4 . . . 4 4 Cutter 2 | . . . . . . . . . . . . . . . . . . . . . . . . . . . . . . 2 . . Grunt 17 | . 1 . . . . 9 . . . . . . . . . . . . 1 . . . 5 . . . . . . . 1 . Researcher 3 | . . . . . . . . . . . . . . . . . . . . . . . . . . . 3 . . . . . Sentry 3 | . . . 2 . . . . . . . . . . . . . . . . . . . . . 1 . . . . . . . Hunter 2 | . . . . . . . . . . . 1 . . . . . . . . . . . . . 1 . . . . . . . Programmer 17 | . . . . . . . . . . 1 . . . . . 1 1 4 . . 2 . . . . . 2 . 2 1 2 1 Cetus Guard 1 | . . . . . . . . . . . . . 1 . . . . . . . . . . . . . . . . . . . Alpha 7 1 | . . . . . . . . . . . . . . . . . . . . . . . . . . . . . . 1 . . Fortress 1 | . . . . . . . . . . . . . . . . . . . . . . . . . . . . . 1 . . . Decomposer 2 | . . . . . . . 1 . . . . . . . . . 1 . . . . . . . . . . . . . . . Samaritan 4 | . . . . . . . 2 . . . . . . . . . . 1 . . . 1 . . . . . . . . . . Assembled 3 | . . . . 3 . . . . . . . . . . . . . . . . . . . . . . . . . . . . Thug 2 | . . . . . . . . . . . . . . 1 1 . . . . . . . . . . . . . . . . . Savage 1 | . . . . . . . . . . . . 1 . . . . . . . . . . . . . . . . . . . . Butcher 1 | . . . . . . . . . . . . 1 . . . . . . . . . . . . . . . . . . . . Mutant 1 | . . . . . . . . . . . . . . . . . . . . . . . . . . . . . . . . 1 Best Kill Streak 8 | 1 4 3 2 2 4 6 . . . 1 1 2 1 4 4 8 1 2 1 . 8 . 5 . 2 2 5 3 2 2 4 4 Combat Bots Only 6 | . 4 3 2 2 3 6 . . . 1 1 1 1 . 1 5 1 2 1 . 6 . 5 . 2 . 4 . 2 2 4 4 Max Kills in Single Turn 5 | 1 2 2 1 1 3 2 1 . . 1 1 1 1 2 4 5 1 1 1 . 3 1 3 . 1 1 3 1 1 1 2 3 Gunslinging . | . . . . . . . . . . . . . . . . . . . . . . . . . . . . . . . . . Exploded 3 | . 2 2 . 1 2 1 . . . . . . . . . 3 1 1 1 . 2 . 3 . 1 . 3 . . . 1 3 Melee 1 | . . . . 1 1 1 . . . 1 1 1 . . . . . . . . . . . . . . . . . 1 . . Uniques/NPCs Destroyed 1 | . . . . . . . . . . . . . . . . . . . . . . . . . . . . . . . . 1 MAIN.C Shell (-1/Command) Combat | -11 -10 -10 -9 -9 -8 -7 -7 -7 -7 -6 -6 -6 -6 -6 -6 -5 -5 -5 -5 -4 -4 -4 -4 -4 -3 -3 -3 -2 -2 -2 -1 -1 -------- Run | Yrd Mat Min Mat Min Mat Fac Low Low Dat Pro Fac Ext Cet Arc Hub Fac Upp Upp War Pro Fac Upp Upp Zhi Pro Res Tes Res Qua Sec Acc Com Hostile Shots Fired 1371 | . 19 4 30 22 103 143 10 . . 4 9 10 3 1 27 73 7 27 . . 38 16 12 . 77 95 63 4 29 80 35 430 Missed 592 | . 8 1 6 7 47 32 6 . . 1 3 8 1 . 13 24 3 12 . . 25 7 4 . 44 74 45 2 15 36 11 157 Damage Taken 16901 | . 140 49 355 358 933 1787 46 . . 46 117 19 67 22 454 851 92 296 . . 366 180 155 . 593 354 413 51 371 891 549 7346 Core 2666 | . 40 14 68 225 211 379 10 . . . 20 . . . 42 97 33 18 . . 12 . . . 41 43 . . . 102 73 1238 Absorbed by Shields 1215 | . . . . . . . . . . . . 3 39 . . . . . . . . . . . . . . . 25 7 . 1141 Redirected to Shielding 206 | . . . . . . 50 . . . . . . . . . . . . . . . . . . 21 27 . . . . 108 . Ignored by Resistances 828 | . . . . . . . . . . . . . . . . . . . . . . . . . . . . . . 38 234 556 Regen/Repaired (Parts) 3480 | . . . . . . . . . . . . . . . . . . . 45 . 337 . . . . . 105 182 86 638 215 1872 Core Remaining (%) 76 | 100 . 78 . 26 61 . . . . 44 . . . . 92 . . . . 85 . . . . 95 . 96 . . 92 . . Volleys Fired 523 | 7 16 3 9 3 44 59 . 8 . 6 1 18 8 28 8 23 10 25 1 1 19 11 9 . 21 9 53 10 10 26 25 52 Largest 3 | 2 2 2 2 1 2 2 . 1 . 1 1 2 1 2 2 2 1 2 1 1 1 1 1 . 1 1 1 1 1 1 1 3 Hottest 220 | 40 90 65 55 30 100 155 . 80 . 80 53 83 35 70 90 132 90 156 46 90 105 90 90 . 105 113 113 120 120 120 120 220 Shots Fired 689 | 14 25 6 18 3 47 85 . 9 . 6 1 32 8 56 13 29 10 30 1 1 19 13 9 . 21 9 53 10 10 26 25 100 Gun 241 | 14 24 6 9 . 12 . . . . . . 16 8 56 10 . . . . . . . . . . . 21 . 2 17 11 35 Cannon 408 | . . . 9 . 35 85 . 9 . 6 1 16 . . 3 24 8 26 . 1 13 13 5 . 15 9 29 10 8 9 10 64 Launcher 40 | . 1 . . 3 . . . . . . . . . . . 5 2 4 1 . 6 . 4 . 6 . 3 . . . 4 1 Special . | . . . . . . . . . . . . . . . . . . . . . . . . . . . . . . . . . Kinetic 373 | 14 15 3 18 . 24 73 . . . 1 1 32 8 56 10 12 2 4 . . . . . . . . . . 2 17 15 66 Thermal 232 | . . . . . 15 12 . 9 . 5 . . . . 3 12 6 22 . 1 13 13 5 . 10 9 50 10 8 9 6 14 Explosive 40 | . 1 . . 3 . . . . . . . . . . . 5 2 4 1 . 6 . 4 . 6 . 3 . . . 4 1 Electromagnetic 25 | . 9 3 . . 8 . . . . . . . . . . . . . . . . . . . 5 . . . . . . . Entropic 19 | . . . . . . . . . . . . . . . . . . . . . . . . . . . . . . . . 19 Robot Hit Streak 17 | 6 10 4 8 3 9 8 . . . . . 11 4 6 3 4 3 4 . . 8 4 8 . 5 . 1 3 5 7 7 17 Robot Miss Streak 9 | 3 6 1 2 . 3 9 . . . . . 4 1 3 2 4 1 1 . . 2 . 2 . 2 1 2 2 1 3 3 5 Penetration Max 1 | . . . . . . . . . . . . . 1 1 . . . . . . . . . . . . . . . 1 1 1 Secondary Targets . | . . . . . . . . . . . . . . . . . . . . . . . . . . . . . . . . . Shots Hit Robots 471 | 9 16 4 13 3 31 64 4 . . 2 5 32 6 30 4 13 6 16 . . 12 2 6 4 17 5 7 9 6 32 14 99 Core Hits 330 | 4 10 4 4 3 17 53 2 . . 1 4 18 2 18 11 20 5 9 1 . 9 . 18 . 12 1 14 2 4 18 16 50 Critical Kills 14 | . . . . . . . . . . . . . 1 2 . 1 1 . . . . . . . . . 1 . 2 1 4 1 Critical Parts Destroyed 47 | . . . . . . . . . . . . 1 . 3 1 7 2 1 . . 2 . . 1 1 1 1 2 . 13 5 6 Critical Strikes 71 | . . . . . 2 1 . . . . 1 3 1 5 1 8 3 1 . . 2 . . 1 1 1 2 2 2 15 9 10 Destroy 48 | . . . . . . . . . . . . 1 1 5 1 5 2 1 . . . . . . . . . . 2 14 9 7 Blast 4 | . . . . . 1 1 . . . . . 1 . . . . . . . . . . . . . . . . . . . 1 Smash 13 | . . . . . . . . . . . . . . . . 3 1 . . . 2 . . 1 1 1 2 2 . . . . Sever 4 | . . . . . 1 . . . . . 1 1 . . . . . . . . . . . . . . . . . 1 . . Detonate 2 | . . . . . . . . . . . . . . . . . . . . . . . . . . . . . . . . 2 Melee Attacks 480 | . . . 1 5 20 1 5 2 . 4 14 32 1 . 3 61 7 4 10 2 22 8 3 4 18 22 29 27 12 37 16 110 Kinetic 3 | . . . . . . . . . . . . . . . . . . . . . . . . . . . . . 3 . . . Impact 230 | . . . . . . . . . . . . 7 1 . 3 61 7 4 10 2 22 8 3 4 18 22 29 27 2 . . . Slashing 241 | . . . 1 5 20 . . 2 . 4 14 25 . . . . . . . . . . . . . . . . 7 37 16 110 Piercing 6 | . . . . . . 1 5 . . . . . . . . . . . . . . . . . . . . . . . . . Sneak Attacks 54 | . . . . . 5 . 4 . . . 3 11 . . . 5 1 1 . . 2 1 . . . 3 2 4 1 3 2 6 Combat Hostiles . | . . . . . . . . . . . . . . . . . . . . . . . . . . . . . . . . . Follow-up Attacks 1 | . . . . . . . . . . . . 1 . . . . . . . . . . . . . . . . . . . . Damage Inflicted 31312 | 71 278 108 170 184 1287 1467 246 . . 85 340 1396 182 913 432 2001 400 819 66 . 1409 129 1097 476 1484 467 1733 733 320 1835 998 10186 Guns 3463 | 71 161 46 58 . 127 . . . . . . 226 182 913 105 . . . . . . . . . . . 464 . 16 233 149 712 Cannons 4863 | . . . 112 . 320 1133 . . . . . 345 . . . 155 104 371 . . 130 33 62 . 237 . . 127 . . 32 1702 Explosions 7828 | . 117 62 . 107 388 295 . . . . . . . . 327 1274 183 280 66 . 1016 . 942 . 628 . 585 . . . 459 1099 Melee 15153 | . . . . 77 452 34 246 . . 85 340 825 . . . 572 113 168 . . 263 96 93 476 619 467 684 606 304 1602 358 6673 Ramming 5 | . . . . . . 5 . . . . . . . . . . . . . . . . . . . . . . . . . . Kinetic 5971 | 71 95 8 170 . 300 1007 . . . . . 571 182 913 105 155 41 31 . . . . . . . . . . 152 233 181 1756 Thermal 2946 | . . 62 . . 188 421 . . . . . . . . . . 63 340 . . 130 33 62 . 111 . 464 127 . . . 945 Explosive 6276 | . 117 . . 107 253 . . . . . . . . . . 1274 183 280 66 . 1016 . 942 . 628 . 585 . . . 459 366 Electromagnetic 651 | . 66 38 . . 94 . . . . . . . . . 327 . . . . . . . . . 126 . . . . . . . Impact 4157 | . . . . . . . . . . . . . . . . 572 113 168 . . 263 96 93 476 619 467 684 606 . . . . Slashing 10580 | . . . . 77 452 . . . . 85 340 825 . . . . . . . . . . . . . . . . 168 1602 358 6673 Piercing 280 | . . . . . . 34 246 . . . . . . . . . . . . . . . . . . . . . . . . . Entropic 446 | . . . . . . . . . . . . . . . . . . . . . . . . . . . . . . . . 446 Highest Corruption 9 | . . . . 7 . 1 1 1 1 1 . . . . 1 3 4 9 9 . 3 3 3 3 4 . . . . 2 . 4 Average Corruption 2 | . . . . 6 . 1 1 1 1 1 . . . . 1 2 3 7 9 . 1 3 3 3 3 . . . . 1 . 2 Corruption Purged . | . . . . . . . . . . . . . . . . . . . . . . . . . . . . . . . . . Corruption Blocked 107 | . . . . . . . . . . . . . . . . 8 . . . . . . . . . . 45 . . . . 54 Effects 91 | . . . . 5 . 5 2 6 . 2 . . . . 1 8 9 25 . . 1 10 5 2 8 . . . . 1 . 1 Message Errors 23 | . . . . 3 . 1 1 . . . . . . . . 1 5 4 . . . 4 1 1 2 . . . . . . . Matter Fused 18 | . . . . 1 . . 1 1 . . . . . . . 2 2 3 . . 1 1 3 1 2 . . . . . . . Heat Flow Errors 7 | . . . . . . 1 . 1 . . . . . . . 2 1 1 . . . . . . . . . . . 1 . . Energy Discharges 14 | . . . . . . . . . . 2 . . . . . 2 . 6 . . . 2 . . 2 . . . . . . . Parts Fused 2 | . . . . . . 1 . . . . . . . . . . . . . . . . 1 . . . . . . . . . Data Loss (minor) 12 | . . . . . . 2 . 2 . . . . . . . . 1 6 . . . . . . 1 . . . . . . . Data Loss (major) 7 | . . . . 1 . . . 1 . . . . . . 1 1 . 1 . . . . . . 1 . . . . . . 1 Misfires 5 | . . . . . . . . 1 . . . . . . . . . 2 . . . 2 . . . . . . . . . . Alerts 2 | . . . . . . . . . . . . . . . . . . 1 . . . 1 . . . . . . . . . . Weapon Failures 1 | . . . . . . . . . . . . . . . . . . 1 . . . . . . . . . . . . . . Overload Shots . | . . . . . . . . . . . . . . . . . . . . . . . . . . . . . . . . . Overflow Damage 4804 | . 4 . . 9 287 45 65 . . 10 43 108 . . 48 639 129 158 . . 300 94 91 253 358 308 278 356 . 308 25 888 Projectiles 98 | . . . . . 2 13 . . . . . . . . . . 13 41 . . . . . . 4 . . . . . 2 23 Explosions 632 | . 4 . . 9 165 32 . . . . . . . . 48 212 3 . . . 67 . 29 . 20 . 4 . . . 23 16 Melee 4074 | . . . . . 120 . 65 . . 10 43 108 . . . 427 113 117 . . 233 94 62 253 334 308 274 356 . 308 . 849 Knockbacks 70 | . . . . . 1 44 . . . . . . . . . 2 . 2 . . . . . . 5 1 3 1 . . . 11 Impact 13 | . . . . . . . . . . . . . . . . 2 . 1 . . . . . . 5 1 3 1 . . . . Kinetic 46 | . . . . . 1 33 . . . . . . . . . . . 1 . . . . . . . . . . . . . 11 Secondary 11 | . . . . . . 11 . . . . . . . . . . . . . . . . . . . . . . . . . . Self-Inflicted Damage 641 | . 20 28 . 40 153 2 . . . . . . . . 100 20 . . . . 22 . . . . . 79 . . . 122 55 Shots 12 | . 1 1 . 1 2 . . . . . . . . . 1 1 . . . . 1 . . . . . 1 . . . 2 1 Rammed 3 | . . . . . . 3 . . . . . . . . . . . . . . . . . . . . . . . . . . Targets Rammed 3 | . . . . . . 3 . . . . . . . . . . . . . . . . . . . . . . . . . . Kicked . | . . . . . . . . . . . . . . . . . . . . . . . . . . . . . . . . . Crushed . | . . . . . . . . . . . . . . . . . . . . . . . . . . . . . . . . . Highest Temperature 463 | . 101 78 38 2 66 383 5 160 . 162 . 12 . 1 68 463 353 106 . 70 18 42 . . . 1 9 . . 59 114 198 Average Temperature 65 | . 32 41 19 2 19 158 5 68 . 81 . 5 . 1 28 68 71 28 . 31 9 21 . . . 1 3 . . 59 52 51 Received Heat Transfer 1842 | . 39 . 135 . 126 747 27 . . . . . . . 96 102 9 18 . . . 9 24 . 9 39 51 9 54 9 . 339 Effects 11 | . . . . . . 5 . . . . . . . . . 6 . . . . . . . . . . . . . . . . Shutdowns 2 | . . . . . . . . . . . . . . . . 2 . . . . . . . . . . . . . . . . Energy Bleed 5 | . . . . . . 2 . . . . . . . . . 3 . . . . . . . . . . . . . . . . Interference 3 | . . . . . . 3 . . . . . . . . . . . . . . . . . . . . . . . . . . Short Circuit 1 | . . . . . . . . . . . . . . . . 1 . . . . . . . . . . . . . . . . Siege Activations . | . . . . . . . . . . . . . . . . . . . . . . . . . . . . . . . . . Robots Corrupted 1 | . . . . . . . . . . . . . . . . . . . . . . . . . 1 . . . . . . . Combat Hostiles 1 | . . . . . . . . . . . . . . . . . . . . . . . . . 1 . . . . . . . Parts Fried 40 | . . . . . 1 . . . . . . . . . 1 12 . 1 . . 8 . 1 2 2 3 4 5 . . . . Impact Corruptions 92 | . . . . . . . . . . . . . . . . 16 4 4 . . 7 13 4 7 12 6 7 12 . . . . Robots Melted . | . . . . . . . . . . . . . . . . . . . . . . . . . . . . . . . . . Combat Hostiles . | . . . . . . . . . . . . . . . . . . . . . . . . . . . . . . . . . Parts Melted 3 | . . 1 . . . . . . . . . . . . . . . 1 . . . . 1 . . . . . . . . . Heat Transferred 2871 | . . 50 . . 261 474 . . . . . . . . . . 100 500 . . 200 50 100 . 111 . 555 111 . . . 359 Parts Sabotaged 7 | . . . . . . . . . . . . . . . . 1 . . . . . . . . . . . . . . . 6 Parts Stolen . | . . . . . . . . . . . . . . . . . . . . . . . . . . . . . . . . . Parts Stripped 18 | . . . . . . . . . . . . . . . . . . . . . . . . . . . . . 18 . . . Power Chain Reactions 4 | . . 1 . . 1 . . . . . . . . . . . . . . . . . . . . . 1 . . . . 1 Alert | -11 -10 -10 -9 -9 -8 -7 -7 -7 -7 -6 -6 -6 -6 -6 -6 -5 -5 -5 -5 -4 -4 -4 -4 -4 -3 -3 -3 -2 -2 -2 -1 -1 ------- Run | Yrd Mat Min Mat Min Mat Fac Low Low Dat Pro Fac Ext Cet Arc Hub Fac Upp Upp War Pro Fac Upp Upp Zhi Pro Res Tes Res Qua Sec Acc Com Peak Influence 1222 | 10 209 157 187 72 318 548 . . . . 634 684 673 571 1222 1043 . . . . 399 . . . . 747 604 401 439 370 781 842 Initial 600 | . 6 81 61 72 9 144 . . . . 600 310 382 269 129 548 . . . . . . . . . 74 420 250 112 134 221 422 Average 383 | 3 86 148 128 52 149 348 . . . . 605 441 614 519 476 647 . . . . 146 . . . . 439 344 338 257 237 429 626 Maximum Alert Level 4 | . 1 . . . 1 2 . . . . 2 2 2 2 4 3 . . . . 1 . . . . 3 2 2 2 1 3 3 Low Security (%) 28 | 100 97 100 100 100 65 21 . . . . . 1 . . 57 . . . . . 55 . . . . 24 30 . 42 35 . . Level 1 23 | . 2 . . . 34 36 . . . . . 39 5 10 5 3 . . . . 44 . . . . 16 7 96 39 64 51 . Level 2 41 | . . . . . . 41 . . . . 100 58 94 89 3 66 . . . . . . . . . 43 61 3 18 . 42 81 Level 3 6 | . . . . . . . . . . . . . . . 15 30 . . . . . . . . . 15 . . . . 5 18 Level 4 . | . . . . . . . . . . . . . . . 17 . . . . . . . . . . . . . . . . . Level 5 . | . . . . . . . . . . . . . . . . . . . . . . . . . . . . . . . . . High Security . | . . . . . . . . . . . . . . . . . . . . . . . . . . . . . . . . . Max Security . | . . . . . . . . . . . . . . . . . . . . . . . . . . . . . . . . . Squads Dispatched 61 | . 2 . 2 . . 5 . . . . 1 . . . 8 9 . . . . 4 . . . 1 3 11 2 2 2 3 6 Investigation 20 | . 1 . 1 . . 1 . . . . 1 . . . 5 3 . . . . . . . . . 1 4 1 1 . . 1 Extermination 9 | . . . . . . . . . . . . . . . . 2 . . . . 1 . . . . . 2 . 1 1 . 2 Reinforcement 23 | . 1 . 1 . . . . . . . . . . . 3 3 . . . . 2 . . . . 2 4 1 . 1 3 2 Assault 4 | . . . . . . . . . . . . . . . . 1 . . . . . . . . 1 . 1 . . . . 1 Garrison 5 | . . . . . . 4 . . . . . . . . . . . . . . 1 . . . . . . . . . . . Intercept . | . . . . . . . . . . . . . . . . . . . . . . . . . . . . . . . . . Searches Triggered 2 | . . . . . . . . . . . . 1 . . . . . . . . . . . . . . 1 . . . . . Construction Impeded 4 | . . . . . . . . . . . . . . . . 2 . . . . 1 . . . . . . . . . 1 . Haulers Reinforced 2 | . . . . . . . . . . . . . . . . . . . . . 1 . . . . . . 1 . . . . Active Scanning Responses . | . . . . . . . . . . . . . . . . . . . . . . . . . . . . . . . . . Cargo Convoy Interrupts 1 | . . . . . . . . . . . . . . . . 1 . . . . . . . . . . . . . . . . Stealth | -11 -10 -10 -9 -9 -8 -7 -7 -7 -7 -6 -6 -6 -6 -6 -6 -5 -5 -5 -5 -4 -4 -4 -4 -4 -3 -3 -3 -2 -2 -2 -1 -1 --------- Run | Yrd Mat Min Mat Min Mat Fac Low Low Dat Pro Fac Ext Cet Arc Hub Fac Upp Upp War Pro Fac Upp Upp Zhi Pro Res Tes Res Qua Sec Acc Com Distress Signals 31 | . 1 . . . . 1 . . . 1 . 2 2 1 . 3 . 1 . . 1 . . . . 9 1 3 . 2 . 3 Communications Jammed . | . . . . . . . . . . . . . . . . . . . . . . . . . . . . . . . . . Distress Signals . | . . . . . . . . . . . . . . . . . . . . . . . . . . . . . . . . . Times Spotted 513 | . 9 3 6 13 26 27 3 . . 7 2 30 10 19 19 39 12 9 . . 18 3 5 . 16 47 28 8 15 22 21 96 Peak Tracking Total 66 | . 6 3 5 5 11 7 4 . . 4 1 6 5 2 12 11 7 4 . . 8 2 5 . 3 12 15 6 9 7 5 66 Tactical Retreats 85 | . 2 . 1 2 7 2 2 . . 1 1 3 . . 1 11 5 6 . . . 1 . . 6 13 1 1 4 8 3 4 Traps | -11 -10 -10 -9 -9 -8 -7 -7 -7 -7 -6 -6 -6 -6 -6 -6 -5 -5 -5 -5 -4 -4 -4 -4 -4 -3 -3 -3 -2 -2 -2 -1 -1 ------- Run | Yrd Mat Min Mat Min Mat Fac Low Low Dat Pro Fac Ext Cet Arc Hub Fac Upp Upp War Pro Fac Upp Upp Zhi Pro Res Tes Res Qua Sec Acc Com Traps Triggered 12 | . 1 . . . . . . . . . . 6 . . . . . . . . 1 . . . . . . . . 2 1 1 Indirectly . | . . . . . . . . . . . . . . . . . . . . . . . . . . . . . . . . . Trap Hack Attempts . | . . . . . . . . . . . . . . . . . . . . . . . . . . . . . . . . . Triggered . | . . . . . . . . . . . . . . . . . . . . . . . . . . . . . . . . . Disarmed . | . . . . . . . . . . . . . . . . . . . . . . . . . . . . . . . . . Reprogrammed . | . . . . . . . . . . . . . . . . . . . . . . . . . . . . . . . . . Reused . | . . . . . . . . . . . . . . . . . . . . . . . . . . . . . . . . . Traps Extracted . | . . . . . . . . . . . . . . . . . . . . . . . . . . . . . . . . . Installed 5 | . . . . . . . . . . . . . . . . . . 5 . . . . . . . . . . . . . . Triggered 12 | . . . . . . . 1 . . . . . . . . 1 . 1 9 . . . . . . . . . . . . . Most Traps Carried 1 | . . . . . . . . . . . . . . . . . . 1 . . . . . . . . . . . . . . Machines | -11 -10 -10 -9 -9 -8 -7 -7 -7 -7 -6 -6 -6 -6 -6 -6 -5 -5 -5 -5 -4 -4 -4 -4 -4 -3 -3 -3 -2 -2 -2 -1 -1 ---------- Run | Yrd Mat Min Mat Min Mat Fac Low Low Dat Pro Fac Ext Cet Arc Hub Fac Upp Upp War Pro Fac Upp Upp Zhi Pro Res Tes Res Qua Sec Acc Com Machines Disabled 76 | . 1 . . . 6 4 . . . . . 3 1 4 25 3 1 . . . 3 . . . 1 . 11 . 6 7 . . Max in Single Turn 24 | . 1 . . . 1 4 . . . . . 1 1 1 24 1 1 . . . 2 . . . 1 . 2 . 1 1 . . Garrison Access 10 | . . . . . . . . . . . . . . . 1 2 . . . . . . . . . 2 1 1 1 . 2 . Network Hub 3 | . . . . . . . . . . . . . . . 3 . . . . . . . . . . . . . . . . . Machines Repaired . | . . . . . . . . . . . . . . . . . . . . . . . . . . . . . . . . . Machines Dismantled . | . . . . . . . . . . . . . . . . . . . . . . . . . . . . . . . . . Machines Sabotaged 2 | . . . . . . . . . . . . . . . 2 . . . . . . . . . . . . . . . . . Overloaded Fab Kills . | . . . . . . . . . . . . . . . . . . . . . . . . . . . . . . . . . Hacking | -11 -10 -10 -9 -9 -8 -7 -7 -7 -7 -6 -6 -6 -6 -6 -6 -5 -5 -5 -5 -4 -4 -4 -4 -4 -3 -3 -3 -2 -2 -2 -1 -1 --------- Run | Yrd Mat Min Mat Min Mat Fac Low Low Dat Pro Fac Ext Cet Arc Hub Fac Upp Upp War Pro Fac Upp Upp Zhi Pro Res Tes Res Qua Sec Acc Com Machines Accessed 124 | . 5 . 4 . 4 6 . 3 4 . 1 8 1 . 6 19 1 1 4 . 9 . . 4 . 6 8 2 7 6 7 8 Terminals 73 | . 4 . 4 . 4 5 . . . . . 6 1 . 5 10 . 1 . . 4 . . . . 2 5 1 5 5 3 8 Fabricators 10 | . . . . . . 1 . . . . 1 . . . . 4 . . . . 1 . . . . 1 2 . . . . . Repair Stations 3 | . . . . . . . . . . . . . . . . . . . . . 2 . . . . 1 . . . . . . Recycling Units 9 | . 1 . . . . . . . . . . 2 . . . 3 . . . . 1 . . . . . . . . . 2 . Scanalyzers 3 | . . . . . . . . . . . . . . . . . . . . . 1 . . . . . . . 1 1 . . Garrison Access 10 | . . . . . . . . . . . . . . . 1 2 . . . . . . . . . 2 1 1 1 . 2 . Total Hacks 519 | . 16 . 14 . 18 18 . 9 30 . 3 22 4 . 17 91 1 1 10 . 48 . . 17 . 24 40 8 25 20 26 57 Successful 266 | . 9 . 4 . 7 9 . 9 30 . 2 4 2 . 8 45 1 1 10 . 20 . . 17 . 10 21 2 11 9 10 25 Failed 253 | . 7 . 10 . 11 9 . . . . 1 18 2 . 9 46 . . . . 28 . . . . 14 19 6 14 11 16 32 Catastrophic 52 | . 1 . 1 . . 4 . . . . . 3 1 . 2 9 . . . . 5 . . . . 1 3 1 3 1 5 12 Database Lockouts . | . . . . . . . . . . . . . . . . . . . . . . . . . . . . . . . . . Manual 179 | . 6 . 1 . 10 7 . . . . . 14 1 . 12 40 . . 1 . 15 . . . . 6 19 3 7 7 5 25 Terminals 340 | . 15 . 14 . 18 17 . . . . . 19 4 . 16 58 . 1 . . 20 . . . . 14 29 6 21 17 14 57 Fabricators 39 | . . . . . . 1 . . . . 3 . . . . 18 . . . . 5 . . . . 4 8 . . . . . Repair Stations 12 | . . . . . . . . . . . . . . . . . . . . . 10 . . . . 2 . . . . . . Recycling Units 25 | . 1 . . . . . . . . . . 3 . . . 13 . . . . 4 . . . . . . . . . 4 . Scanalyzers 13 | . . . . . . . . . . . . . . . . . . . . . 9 . . . . . . . 1 3 . . Garrison Access 23 | . . . . . . . . . . . . . . . 1 2 . . . . . . . . . 4 3 2 3 . 8 . Terminal Hacks 178 | . 7 . 4 . 3 7 . 9 30 . . 4 2 . 2 18 1 1 10 . 5 . . 17 . 5 13 1 7 8 6 18 Record 31 | . . . . . . . . 7 11 . . . 2 . . . . 1 4 . . . . 5 . . . . . . . 1 Part Schematic 19 | . . . . . . . . . 12 . . . . . . 2 . . . . . . . 4 . . . . . . 1 . Robot Schematic 4 | . . . . . . . . . 4 . . . . . . . . . . . . . . . . . . . . . . . Robot Analysis 15 | . 2 . . . . . . . . . . 1 . . 1 . . . . . . . . 4 . 1 4 . . 1 . 1 Prototype ID Bank 19 | . 1 . . . 1 . . . 3 . . . . . . 2 . . 4 . . . . 4 . . . . . 1 . 3 Open Door 10 | . . . . . . . . 2 . . . . . . . . 1 . 2 . . . . . . . 1 . . 3 1 . Level Access Points 4 | . . . . . . . . . . . . . . . 1 . . . . . . . . . . . 1 . 1 . 1 . Branch Access Points 8 | . 1 . 1 . . 1 . . . . . . . . . 1 . . . . 1 . . . . 1 . 1 . . 1 . Emergency Access Points 8 | . . . . . . 1 . . . . . . . . . 2 . . . . . . . . . 1 . . 2 . . 2 Machine Index 2 | . . . . . . . . . . . . . . . . . . . . . . . . . . . 1 . 1 . . . Terminal Index 3 | . . . . . . . . . . . . . . . . 1 . . . . . . . . . . . . . . 1 1 Scanalyzer Index 1 | . . . . . . . . . . . . . . . . . . . . . . . . . . . . . . 1 . . Alert Level 1 | . . . . . . . . . . . . . . . . . . . . . . . . . . . . . . . . 1 Unreport Threat 7 | . . . . . . . . . . . . . . . . 2 . . . . . . . . . . 3 . 1 1 . . Locate Traps 9 | . . . 1 . . 1 . . . . . . . . . 1 . . . . 2 . . . . 1 . . . . . 3 Security Status 1 | . . . . . . . . . . . . . . . . . . . . . 1 . . . . . . . . . . . Surveillance Status 1 | . . . . . . . . . . . . . . . . . . . . . . . . . . . . . . . . 1 Patrol Status 2 | . . . . . . . . . . . . . . . . . . . . . . . . . . . . . . . 1 1 Transport Status 1 | . . . . . . . . . . . . . . . . 1 . . . . . . . . . . . . . . . . Hauler Manifests 7 | . . . 1 . 1 1 . . . . . 1 . . . 1 . . . . 1 . . . . . . . 1 . . . Registered Components 1 | . . . . . . 1 . . . . . . . . . . . . . . . . . . . . . . . . . . Zone Layout 21 | . 3 . 1 . 1 2 . . . . . 2 . . . 5 . . . . . . . . . 1 2 . 1 1 . 2 Protovariant Controls 1 | . . . . . . . . . . . . . . . . . . . . . . . . . . . 1 . . . . . Disengage Seal 2 | . . . . . . . . . . . . . . . . . . . . . . . . . . . . . . . . 2 Fabricator Hacks 21 | . . . . . . 1 . . . . 2 . . . . 10 . . . . 1 . . . . 2 5 . . . . . Network Status 1 | . . . . . . . . . . . . . . . . 1 . . . . . . . . . . . . . . . . Load Schematic 10 | . . . . . . . . . . . 1 . . . . 5 . . . . . . . . . 1 3 . . . . . Build 10 | . . . . . . 1 . . . . 1 . . . . 4 . . . . 1 . . . . 1 2 . . . . . Repair Station Hacks 6 | . . . . . . . . . . . . . . . . . . . . . 6 . . . . . . . . . . . Scan Component 3 | . . . . . . . . . . . . . . . . . . . . . 3 . . . . . . . . . . . Repair 3 | . . . . . . . . . . . . . . . . . . . . . 3 . . . . . . . . . . . Recycling Unit Hacks 7 | . 1 . . . . . . . . . . . . . . 3 . . . . 1 . . . . . . . . . 2 . Retrieve Components 7 | . 1 . . . . . . . . . . . . . . 3 . . . . 1 . . . . . . . . . 2 . Scanalyzer 7 | . . . . . . . . . . . . . . . . . . . . . 5 . . . . . . . 1 1 . . Insert Component 6 | . . . . . . . . . . . . . . . . . . . . . 4 . . . . . . . 1 1 . . Analyze 1 | . . . . . . . . . . . . . . . . . . . . . 1 . . . . . . . . . . . Garrison Access Hacks 10 | . . . . . . . . . . . . . . . 1 2 . . . . . . . . . 2 1 1 1 . 2 . Seal Access 10 | . . . . . . . . . . . . . . . 1 2 . . . . . . . . . 2 1 1 1 . 2 . Unauthorized Hacks 37 | . 1 . . . 4 1 . . . . . . . . 5 12 . . . . 2 . . . . 1 2 . 2 . . 7 Terminals 27 | . 1 . . . 4 1 . . . . . . . . 5 6 . . . . 1 . . . . . . . 2 . . 7 Track 4 | . . . . . 2 . . . . . . . . . . 1 . . . . . . . . . . . . . . . 1 Assimilate 6 | . 1 . . . 1 . . . . . . . . . . 1 . . . . . . . . . . . . . . . 3 Botnet 8 | . . . . . . 1 . . . . . . . . . 3 . . . . 1 . . . . . . . 1 . . 2 Operators 4 | . . . . . 1 . . . . . . . . . . 1 . . . . . . . . . . . . 1 . . 1 Sabotage 5 | . . . . . . . . . . . . . . . 5 . . . . . . . . . . . . . . . . . Fabricators 7 | . . . . . . . . . . . . . . . . 4 . . . . . . . . . 1 2 . . . . . Prioritize 4 | . . . . . . . . . . . . . . . . 2 . . . . . . . . . 1 1 . . . . . Recompile 3 | . . . . . . . . . . . . . . . . 2 . . . . . . . . . . 1 . . . . . Repair Stations . | . . . . . . . . . . . . . . . . . . . . . . . . . . . . . . . . . Recycling Units 3 | . . . . . . . . . . . . . . . . 2 . . . . 1 . . . . . . . . . . . Reject 3 | . . . . . . . . . . . . . . . . 2 . . . . 1 . . . . . . . . . . . Scanalyzers . | . . . . . . . . . . . . . . . . . . . . . . . . . . . . . . . . . Garrison Access . | . . . . . . . . . . . . . . . . . . . . . . . . . . . . . . . . . Data Cores Recovered 2 | . . . . . . . . . . . . 1 . . . . . . . . . . . . . . . 1 . . . . Used 1 | . . . . . . . . . . . . 1 . . . . . . . . . . . . . . . . . . . . Hacking Detections 78 | . 4 . 4 . 4 6 . . . . 1 8 1 . 4 14 . . . . 6 . . . . 4 5 1 5 1 6 4 Full Trace Events 9 | . . . 1 . 1 1 . . . . 1 . . . . 1 . . . . . . . . . 1 3 . . . . . Feedback Events 1 | . . . . . . 1 . . . . . . . . . . . . . . . . . . . . . . . . . . Corruption 1 | . . . . . . 1 . . . . . . . . . . . . . . . . . . . . . . . . . . Feedback Blocked . | . . . . . . . . . . . . . . . . . . . . . . . . . . . . . . . . . Robot Schematics Acquired 7 | . . . . . . . . . 4 . . . . . . . . . . . . . . . . . 3 . . . . . Robots Built 1 | . . . . . . 1 . . . . . . . . . . . . . . . . . . . . . . . . . . Authchips . | . . . . . . . . . . . . . . . . . . . . . . . . . . . . . . . . . Time 40 | . . . . . . 40 . . . . . . . . . . . . . . . . . . . . . . . . . . Total Robot Build Rating 1 | . . . . . . 1 . . . . . . . . . . . . . . . . . . . . . . . . . . Part Schematics Acquired 24 | . . . . . . . . . 12 . . . . . . 2 . . . . 1 . . 4 . . 4 . . . 1 . Parts Built 13 | . . . . . . . . . . . 1 . . . . 7 . . . . 2 . . . . 1 2 . . . . . Authchips 3 | . . . . . . . . . . . . . . . . 2 . . . . . . . . . . 1 . . . . . Time 803 | . . . . . . . . . . . 169 . . . . 209 . . . . 128 . . . . 93 204 . . . . . Total Part Build Rating 90 | . . . . . . . . . . . 6 . . . . 45 . . . . 16 . . . . 7 16 . . . . . Parts Repaired 3 | . . . . . . . . . . . . . . . . . . . . . 3 . . . . . . . . . . . Time 306 | . . . . . . . . . . . . . . . . . . . . . 306 . . . . . . . . . . . Parts Recycled . | . . . . . . . . . . . . . . . . . . . . . . . . . . . . . . . . . Recycled Matter . | . . . . . . . . . . . . . . . . . . . . . . . . . . . . . . . . . Retrieved Matter . | . . . . . . . . . . . . . . . . . . . . . . . . . . . . . . . . . Retrieved Components 14 | . 2 . . . . . . . . . . . . . . 5 . . . . 1 . . . . . . . . . 6 . Parts Scanalyzed 1 | . . . . . . . . . . . . . . . . . . . . . 1 . . . . . . . . . . . Part Schematics Acquired 1 | . . . . . . . . . . . . . . . . . . . . . 1 . . . . . . . . . . . Parts Damaged 1 | . . . . . . . . . . . . . . . . . . . . . 1 . . . . . . . . . . . Bothacking | -11 -10 -10 -9 -9 -8 -7 -7 -7 -7 -6 -6 -6 -6 -6 -6 -5 -5 -5 -5 -4 -4 -4 -4 -4 -3 -3 -3 -2 -2 -2 -1 -1 ------------ Run | Yrd Mat Min Mat Min Mat Fac Low Low Dat Pro Fac Ext Cet Arc Hub Fac Upp Upp War Pro Fac Upp Upp Zhi Pro Res Tes Res Qua Sec Acc Com Used RIF Installer . | . . . . . . . . . . . . . . . . . . . . . . . . . . . . . . . . . Robots Hacked . | . . . . . . . . . . . . . . . . . . . . . . . . . . . . . . . . . Non-combat . | . . . . . . . . . . . . . . . . . . . . . . . . . . . . . . . . . Combat . | . . . . . . . . . . . . . . . . . . . . . . . . . . . . . . . . . Robot Hacks Applied . | . . . . . . . . . . . . . . . . . . . . . . . . . . . . . . . . . Relay Couplers Released . | . . . . . . . . . . . . . . . . . . . . . . . . . . . . . . . . . Fabnet Peak Effective % . | . . . . . . . . . . . . . . . . . . . . . . . . . . . . . . . . . Robots Rewired 11 | . . . . . . . . . . . . 11 . . . . . . . . . . . . . . . . . . . . Allies Hacked . | . . . . . . . . . . . . . . . . . . . . . . . . . . . . . . . . . Hacks Repelled 1 | . . . . . . . . . . . . 1 . . . . . . . . . . . . . . . . . . . . Allies | -11 -10 -10 -9 -9 -8 -7 -7 -7 -7 -6 -6 -6 -6 -6 -6 -5 -5 -5 -5 -4 -4 -4 -4 -4 -3 -3 -3 -2 -2 -2 -1 -1 -------- Run | Yrd Mat Min Mat Min Mat Fac Low Low Dat Pro Fac Ext Cet Arc Hub Fac Upp Upp War Pro Fac Upp Upp Zhi Pro Res Tes Res Qua Sec Acc Com Total Allies 40 | . 1 . . . 1 1 . 2 . . . 22 5 . . 1 . . . . . . . . . . . . . . . 7 Largest Group 16 | . . . . . 1 1 . 2 . . . 14 16 15 12 1 . . . . . . . . . . . . . . . 2 Highest-Rated Group 902 | . . . . . 10 10 . 51 . . . 547 902 902 688 10 . . . . . . . . . . . . . . . 45 Highest-Rated Ally 159 | . . . . . 10 10 . 31 . . . 159 159 152 96 10 . . . . . . . . . . . . . . . 45 Total Orders 53 | . . . . . . . . . . . 2 14 3 3 . 2 9 9 . 7 . . . . . . 1 3 . . . . STAY 1 | . . . . . . . . . . . . . . 1 . . . . . . . . . . . . . . . . . . FOLLOW 1 | . . . . . . . . . . . . . . 1 . . . . . . . . . . . . . . . . . . EXPLORE 15 | . . . . . . . . . . . 2 . . . . . 2 4 . 5 . . . . . . . 2 . . . . RETURN 36 | . . . . . . . . . . . . 14 3 1 . 2 7 5 . 2 . . . . . . 1 1 . . . . Ally Attacks 401 | . . . . . . . . 3 . . . 171 67 16 67 20 29 13 . . . . . . . . 7 . . . . 8 Total Damage 9357 | . . . . . . . . 66 . . . 3886 1354 396 2028 486 561 205 . . . . . . . . 235 . . . . 140 Kills 63 | . . . . . . . . 1 . . . 25 9 4 14 3 5 1 . . . . . . . . . . . . . 1 Allies Corrupted 2 | . . . . . . . . . . . . . . . 2 . . . . . . . . . . . . . . . . . Allies Melted . | . . . . . . . . . . . . . . . . . . . . . . . . . . . . . . . . . Intel | -11 -10 -10 -9 -9 -8 -7 -7 -7 -7 -6 -6 -6 -6 -6 -6 -5 -5 -5 -5 -4 -4 -4 -4 -4 -3 -3 -3 -2 -2 -2 -1 -1 ------- Run | Yrd Mat Min Mat Min Mat Fac Low Low Dat Pro Fac Ext Cet Arc Hub Fac Upp Upp War Pro Fac Upp Upp Zhi Pro Res Tes Res Qua Sec Acc Com Robot Analysis Total 15 | . 2 . . . . . . . . . . 1 . . 1 . . . . . . . . 4 . 1 4 . . 1 . 1 Derelict Logs Recovered 10 | . . 1 . 1 . . 1 . . . . . . . . . 2 3 . 1 . 1 . . . . . . . . . . Drone Launches 55 | . . . . . . . . . . . 2 20 3 2 . 4 6 5 . 7 . . . . . . 3 3 . . . . Drone Recoveries 46 | . . . . . . . . . . . . 20 3 2 . 4 5 4 . 6 . . . . . . 1 1 . . . . Exploration | -11 -10 -10 -9 -9 -8 -7 -7 -7 -7 -6 -6 -6 -6 -6 -6 -5 -5 -5 -5 -4 -4 -4 -4 -4 -3 -3 -3 -2 -2 -2 -1 -1 ------------- Run | Yrd Mat Min Mat Min Mat Fac Low Low Dat Pro Fac Ext Cet Arc Hub Fac Upp Upp War Pro Fac Upp Upp Zhi Pro Res Tes Res Qua Sec Acc Com Turns Passed 17409 | 72 196 386 160 626 645 665 480 622 38 504 322 1090 258 427 142 1409 552 794 727 457 743 460 343 132 557 505 789 404 417 664 536 1287 Spaces Moved 20021 | 37 217 498 162 479 589 546 566 585 91 400 391 1138 185 263 224 1841 489 848 885 481 934 662 364 243 496 710 996 738 727 1079 964 1193 Core 654 | 37 19 . 51 463 . 84 . . . . . . . . . . . . . . . . . . . . . . . . . . Treads . | . . . . . . . . . . . . . . . . . . . . . . . . . . . . . . . . . Legs . | . . . . . . . . . . . . . . . . . . . . . . . . . . . . . . . . . Wheels . | . . . . . . . . . . . . . . . . . . . . . . . . . . . . . . . . . Hover 19367 | . 198 498 111 16 589 462 566 585 91 400 391 1138 185 263 224 1841 489 848 885 481 934 662 364 243 496 710 996 738 727 1079 964 1193 Flight . | . . . . . . . . . . . . . . . . . . . . . . . . . . . . . . . . . Fastest Speed 35 | 50 50 56 50 50 59 40 40 40 40 40 36 36 36 36 36 42 57 57 53 53 46 50 41 41 48 42 43 37 37 37 38 35 Average Speed 48 | 50 58 56 54 51 70 77 40 40 40 40 36 42 36 54 40 47 57 57 55 53 48 50 41 43 48 45 46 37 37 37 38 56 Slowest Speed 220 | 50 116 56 56 100 77 220 40 40 40 40 40 96 36 96 42 105 57 111 57 53 54 50 41 48 48 48 48 43 37 44 116 160 Overloaded Moves 6 | . . . . . . . . . . . . . . . . . . . . . . . . . . . . . . . . 6 Propulsion Burnouts . | . . . . . . . . . . . . . . . . . . . . . . . . . . . . . . . . . Robots Hopped . | . . . . . . . . . . . . . . . . . . . . . . . . . . . . . . . . . Cave-ins Triggered . | . . . . . . . . . . . . . . . . . . . . . . . . . . . . . . . . . Exploration Rate (%) 54 | 4 39 69 20 69 50 19 72 74 69 49 9 83 84 83 36 46 68 93 95 76 26 74 46 60 66 30 80 30 65 56 28 33 Regions Visited 32 Branch Regions 22 Pre-discovered Areas 8 | . . 1 . . . . . 2 1 . . . . . . . . 1 . . . . . 3 . . . . . . . . Known Exits Taken 13 | . 1 . 1 . . 1 . . . . . . . . 1 1 1 . . . 1 . . . . 1 1 1 1 1 1 . Unknown Exits Taken 19 | 1 . 1 . 1 1 . 1 1 1 1 1 1 1 1 . . . 1 1 1 . 1 1 1 1 . . . . . . . Scrap Searched 25 | . . 1 . 2 . . 4 1 . . . . . . . . 2 4 . 4 . 3 1 . 3 . . . . . . . Spaces Dug 354 | . 4 . 1 14 7 . 1 2 . 2 8 9 . . 4 60 6 6 6 2 23 7 2 . 7 22 29 15 9 16 51 41 Terrain Destroyed 1069 | . 4 6 1 21 46 18 1 2 . 2 9 12 . 21 164 102 20 50 35 3 67 19 56 . 64 25 119 22 10 17 102 51 Melee 242 | . . . 1 2 4 . 1 2 . 1 8 9 . . 2 53 5 2 6 2 17 7 2 . 6 16 18 15 6 14 13 30 Projectile 166 | . . . . . 6 . . . . 1 1 3 . 21 7 12 3 12 . 1 7 12 3 . 6 9 27 7 4 3 6 15 AOE 660 | . 4 6 . 19 36 18 . . . . . . . . 155 37 12 36 29 . 43 . 51 . 52 . 74 . . . 82 6 Terrain Rammed . | . . . . . . . . . . . . . . . . . . . . . . . . . . . . . . . . . Walls Destroyed . | . . . . . . . . . . . . . . . . . . . . . . . . . . . . . . . . . Machines Disabled . | . . . . . . . . . . . . . . . . . . . . . . . . . . . . . . . . . Actions | -11 -10 -10 -9 -9 -8 -7 -7 -7 -7 -6 -6 -6 -6 -6 -6 -5 -5 -5 -5 -4 -4 -4 -4 -4 -3 -3 -3 -2 -2 -2 -1 -1 --------- Run | Yrd Mat Min Mat Min Mat Fac Low Low Dat Pro Fac Ext Cet Arc Hub Fac Upp Upp War Pro Fac Upp Upp Zhi Pro Res Tes Res Qua Sec Acc Com Total 26245 | 78 259 600 221 848 739 691 812 962 92 732 550 1675 368 491 256 2231 733 1111 1097 676 1157 762 538 262 748 843 1223 816 843 1231 1073 1527 Wait 4121 | 26 10 87 25 345 47 30 231 359 . 318 132 275 161 177 7 229 215 206 165 184 157 77 149 . 199 61 78 24 35 26 20 66 Move 19989 | 36 216 497 161 478 588 545 565 584 90 399 390 1137 184 262 223 1840 488 847 884 480 933 661 363 242 495 709 995 737 726 1078 963 1193 Hop . | . . . . . . . . . . . . . . . . . . . . . . . . . . . . . . . . . Pick Up 161 | 6 7 1 3 4 12 14 3 1 . 1 5 6 3 2 2 16 . 6 2 1 11 . 2 3 . 10 8 4 8 4 4 12 Fast Attach 172 | 1 2 2 1 5 5 9 2 2 1 1 2 1 2 3 1 11 1 . 12 . 2 . . 5 . 4 19 4 10 25 16 23 Attach 114 | 2 4 . 6 5 8 10 . . . . 1 1 . . 4 12 . 2 1 . 3 . . 1 . 5 5 1 7 7 7 22 Detach 54 | . . 1 5 2 2 4 . 1 . . . . . 1 . 7 2 . 2 . . . . . . . 5 . 4 7 5 6 Swap 182 | . 4 4 2 . 8 7 1 2 . 2 3 10 2 8 4 16 9 11 5 6 6 4 9 . 15 9 5 2 9 4 3 12 Drop 250 | . . 5 8 1 5 9 5 3 1 2 2 10 7 10 4 16 1 5 14 2 4 1 3 7 . 14 26 7 17 17 14 30 Fire 523 | 7 16 3 9 3 44 59 . 8 . 6 1 18 8 28 8 23 10 25 1 1 19 11 9 . 21 9 53 10 10 26 25 52 Melee 476 | . . . 1 5 20 1 5 2 . 3 14 29 1 . 3 61 7 4 10 2 22 8 3 4 18 22 29 27 12 37 16 110 Ram 3 | . . . . . . 3 . . . . . . . . . . . . . . . . . . . . . . . . . . Kick . | . . . . . . . . . . . . . . . . . . . . . . . . . . . . . . . . . Crush . | . . . . . . . . . . . . . . . . . . . . . . . . . . . . . . . . . Escape Stasis 69 | . . . . . . . . . . . . 69 . . . . . . . . . . . . . . . . . . . . Rewire 126 | . . . . . . . . . . . . 119 . . . . . . 1 . . . . . . . . . 5 . . 1 Trap 5 | . . . . . . . . . . . . . . . . . . 5 . . . . . . . . . . . . . . Miscellaneous . | . . . . . . . . . . . . . . . . . . . . . . . . . . . . . . . . . Route ------- -11/Scrapyard -10/Materials (discovered 3 exits: Mat / *Min x2) -10/Mines (discovered 2 exits: *Mat x2) -9/Materials (discovered 2 exits: *Min x2) -9/Mines -8/Materials -7/Factory (discovered 3 exits: Sto / *Low x2) -7/Lower Caves -7/Lower Caves (discovered 2 exits: Fac / *Dat) -7/Data Miner -6/Proximity Caves -6/Factory (discovered 2 exits: [*Low] / *Ext) -6/Extension (discovered 2 exits: *Fac / *Cet) -6/Cetus (discovered 2 exits: *Fac / [*Arc]) -6/Archives (discovered 3 exits: *Fac / *Hub x2) -6/Hub_04(d) (discovered 4 exits: *Fac x4) -5/Factory (discovered 5 exits: *Fac x3 / *Upp x2) -5/Upper Caves -5/Upper Caves (discovered 2 exits: *Fac / *War) -5/Warlord -4/Proximity Caves -4/Factory (discovered 4 exits: *Res / *Upp x2 / Arm) -4/Upper Caves -4/Upper Caves -4/Zhirov -3/Proximity Caves -3/Research (discovered 4 exits: Res x2 / *Tes x2) -3/Testing -2/Research (discovered 2 exits: *Qua x2) -2/Quarantine (discovered 2 exits: *Acc / *Sec) -2/Section 7 -1/Access (discovered 2 exits: Sur / *Com) -1/Command History --------- Turn | Location | Event 10 | -11/Scrapyard | Discovered new exit (range 16) 73 | -11/Scrapyard | Entered Materials 95 | -10/Materials | Discovered new exit (range 19) 244 | -10/Materials | Identified exit to Mines 269 | -10/Materials | Entered Mines 279 | -10/Mines | Met a Derelict bent on vengeance 337 | -10/Mines | Found a damaged Exp. Sensor Array with a note attached 339 | -10/Mines | Found Prototype Device 339 | -10/Mines | Identified Exp. Sensor Array 347 | -10/Mines | Discovered new exit (range 12) 361 | -10/Mines | Learned location of Storage (-7) 363 | -10/Mines | Build established: Mutant 567 | -10/Mines | Discovered new exit (range 16) 655 | -10/Mines | Entered Materials 655 | -9/Materials | Evolved 2 slots: Propulsion x1, Utility x1 656 | -9/Materials | Identified exit to Mines 799 | -9/Materials | Lost 4 parts (1p2n1u) 815 | -9/Materials | Entered Mines 912 | -9/Mines | Assembled infested the area 1342 | -9/Mines | Lost 3 parts (2u1w) 1348 | -9/Mines | Learned Materials trap positions 1420 | -9/Mines | Core integrity fell below 50% 1436 | -9/Mines | Discovered new exit (range 6) 1441 | -9/Mines | Entered Materials 1441 | -8/Materials | Evolved 2 slots: Propulsion x1, Utility x1 1442 | -8/Materials | Loaded intel: 22 trap records 1711 | -8/Materials | Build established: Scavenger-Mutant 1727 | -8/Materials | Discovered new exit (range 9) 1907 | -8/Materials | Lost 6 parts (2p1u3w) 2086 | -8/Materials | Entered Factory 2086 | -7/Factory | Accompanied by 1 ally 2086 | -7/Factory | Evolved 2 slots: Propulsion x1, Utility x1 2206 | -7/Factory | Identified exit to Storage 2206 | -7/Factory | Identified exit to Lower Caves 2231 | -7/Factory | Garrison activated, responded to threat 2372 | -7/Factory | Garrison activated, responded to threat 2494 | -7/Factory | Lost 4 parts (1p1n1u1w) 2603 | -7/Factory | Lost 4 parts (1n2u1w) 2632 | -7/Factory | Fabricated R-06 Scavenger? 2664 | -7/Factory | Build established: Mutant 2696 | -7/Factory | Core integrity fell below 50% 2751 | -7/Factory | Entered Lower Caves 2753 | -7/Lower Caves | Attracted the attention of an 0b10 checkpoint 3034 | -7/Lower Caves | Learned 4 Factory zone layouts 3213 | -7/Lower Caves | Discovered new exit (range 16) 3231 | -7/Lower Caves | Entered another Lower Caves area 3231 | -7/Lower Caves | Discovered new exit (range 15) 3547 | -7/Lower Caves | A Commander dispatched an escort 3551 | -7/Lower Caves | Learned Armory garrison access intel 3551 | -7/Lower Caves | Learned Research security intel 3551 | -7/Lower Caves | Learned location of 1 exit from Research 3551 | -7/Lower Caves | Learned location of Armory (-4) 3742 | -7/Lower Caves | Encountered a Warlord checkpoint 3742 | -7/Lower Caves | Discovered new exit (range 15) 3853 | -7/Lower Caves | Entered Data Miner 3853 | -7/Data Miner | Accompanied by 2 allies 3854 | -7/Data Miner | Commander's escort returned to base 3854 | -7/Data Miner | Commander's escort returned to base 3854 | -7/Data Miner | Discovered new exit (range 6) 3862 | -7/Data Miner | Met Data Miner 3869 | -7/Data Miner | Learned location of Section 7 (-2) 3869 | -7/Data Miner | Acquired the access code to Warlord's prototype stash 3876 | -7/Data Miner | Received God Mode back door access code from Data Miner 3891 | -7/Data Miner | Entered Proximity Caves 3893 | -6/Proximity Caves | Spotter reported a threat 3894 | -6/Proximity Caves | Spotter reported a threat 3994 | -6/Proximity Caves | Spotter reported a threat 4023 | -6/Proximity Caves | Build established: Derelict-Mutant 4183 | -6/Proximity Caves | Spotter reported a threat 4212 | -6/Proximity Caves | Spotted B-75 Beast 4390 | -6/Proximity Caves | Discovered new exit (range 10) 4395 | -6/Proximity Caves | Entered Factory 4395 | -6/Factory | Evolved 2 slots: Propulsion x1, Utility x1 4410 | -6/Factory | Discovered new exit (range 11) 4500 | -6/Factory | Spotted B-75 Beast 4556 | -6/Factory | Discovered new exit (range 6) 4673 | -6/Factory | Fabricated Combat Drone Bay? 4717 | -6/Factory | Entered Extension 4742 | -6/Extension | Rescued a captive Derelict 4865 | -6/Extension | Rescued a captive Derelict 4869 | -6/Extension | Rescued a captive Derelict 5067 | -6/Extension | Search patrols dispatched 5176 | -6/Extension | Rescued A7 5215 | -6/Extension | Build established: Scavenger-Mutant 5352 | -6/Extension | Spotted B-75 Beast 5389 | -6/Extension | Allies destroyed B-75 Beast 5404 | -6/Extension | Allies destroyed B-75 Beast 5442 | -6/Extension | Disrupted transfer network 5525 | -6/Extension | Rescued a captive Derelict 5526 | -6/Extension | Rescued a captive Derelict 5535 | -6/Extension | Rescued a captive Derelict 5612 | -6/Extension | Rescued a captive Derelict 5633 | -6/Extension | Rescued a captive Derelict 5634 | -6/Extension | Rescued a captive Derelict 5725 | -6/Extension | Rescued a captive Derelict 5727 | -6/Extension | Rescued a captive Derelict 5750 | -6/Extension | Discovered new exit (range 10) 5750 | -6/Extension | Discovered new exit (range 6) 5807 | -6/Extension | Entered Cetus 5807 | -6/Cetus | Accompanied by 14 allies (A7) 5812 | -6/Cetus | Acquired a Cetus Manufacturing Module code from A7 5816 | -6/Cetus | Spotted Cetus Guard 5820 | -6/Cetus | Allies destroyed Cetus Guard 5821 | -6/Cetus | Spotted Cetus Guard 5821 | -6/Cetus | Spotted Cetus Guard 5822 | -6/Cetus | Destroyed Cetus Guard 5823 | -6/Cetus | Allies destroyed Cetus Guard 5828 | -6/Cetus | Allies destroyed Cetus Guard 5857 | -6/Cetus | Started Cetus Manufacturing Module 5882 | -6/Cetus | Manufactured an Enhanced Grunt 5884 | -6/Cetus | Escorted A7 to Cetus Mainframe 5888 | -6/Cetus | Discovered new exit (range 16) 5907 | -6/Cetus | Manufactured an Enhanced Grunt 5918 | -6/Cetus | Discovered new exit (range 26) 5919 | -6/Cetus | Spotted Cetus Guard 5919 | -6/Cetus | Spotted Cetus Guard 5919 | -6/Cetus | Spotted Cetus Guard 5919 | -6/Cetus | Spotted Cetus Guard 5923 | -6/Cetus | Allies destroyed Cetus Guard 5925 | -6/Cetus | Allies destroyed Cetus Guard 5929 | -6/Cetus | Allies destroyed Cetus Guard 5932 | -6/Cetus | Manufactured an Enhanced Grunt 5932 | -6/Cetus | Allies destroyed Cetus Guard 5944 | -6/Cetus | Met Revision 17 5957 | -6/Cetus | Manufactured an Enhanced Grunt 5961 | -6/Cetus | Lost 4 allies 5982 | -6/Cetus | Manufactured an Enhanced Grunt 6017 | -6/Cetus | Build established: Commander-Mutant 6065 | -6/Cetus | Entered Archives 6065 | -6/Archives | Accompanied by 15 allies (A7) 6070 | -6/Archives | Received a hacking code to weaken MAIN.C 6094 | -6/Archives | Discovered new exit (range 16) 6109 | -6/Archives | Discovered new exit (range 15) 6243 | -6/Archives | Discovered new exit (range 13) 6492 | -6/Archives | Entered Hub_04(d) 6492 | -6/Hub_04(d) | Accompanied by 12 allies 6548 | -6/Hub_04(d) | Identified exit to Factory 6576 | -6/Hub_04(d) | Network Hub disabled 6582 | -6/Hub_04(d) | Network Hub disabled 6587 | -6/Hub_04(d) | Network Hub disabled 6608 | -6/Hub_04(d) | Spotted Lightning 6611 | -6/Hub_04(d) | Spotted Lightning 6619 | -6/Hub_04(d) | Spotted B-75 Beast 6634 | -6/Hub_04(d) | Entered Factory 6634 | -5/Factory | Evolved 2 slots: Power x1, Utility x1 6671 | -5/Factory | Discovered new exit (range 15) 6781 | -5/Factory | Fabricated Hyp. Mass Driver (x2) 6842 | -5/Factory | Fabricated Micro-nuke Launcher? 6939 | -5/Factory | Build established: Scavenger-Scout 7081 | -5/Factory | Found Imp. Powered Armor 7274 | -5/Factory | Identified exit to Upper Caves 7534 | -5/Factory | First assault squad dispatched 7584 | -5/Factory | Cargo convoy interrupted 7602 | -5/Factory | Discovered new exit (range 8) 7942 | -5/Factory | Fabricated Cmb. Gravmag System (x2) 7962 | -5/Factory | Fabricated Cmb. Gravmag System (x2) 8031 | -5/Factory | Discovered new exit (range 13) 8043 | -5/Factory | Entered Upper Caves 8045 | -5/Upper Caves | Learned Factory stockpile data 8048 | -5/Upper Caves | Identified exit to Upper Caves 8120 | -5/Upper Caves | Attracted the attention of an 0b10 outpost 8299 | -5/Upper Caves | Attracted the attention of an 0b10 checkpoint 8397 | -5/Upper Caves | Build established: Mutant 8595 | -5/Upper Caves | Entered another Upper Caves area 8651 | -5/Upper Caves | Discovered new exit (range 25) 8969 | -5/Upper Caves | Learned Factory non-interactive machine intel 8983 | -5/Upper Caves | Learned Factory terminal intel 9036 | -5/Upper Caves | Discovered new exit (range 12) 9091 | -5/Upper Caves | Encountered a Warlord checkpoint 9389 | -5/Upper Caves | Entered Warlord 9415 | -5/Warlord | System corruption cleaned by Quarantine Array 9442 | -5/Warlord | Build established: Scavenger-Scout 9567 | -5/Warlord | Found Prototype Special Weapon 9567 | -5/Warlord | Identified RU-N14's Throwing Claymores v3 9591 | -5/Warlord | Found Prototype Device 9591 | -5/Warlord | Identified Minesniffer Drone Bay 9728 | -5/Warlord | Visited the Vortex Lab 9733 | -5/Warlord | Found Prototype Energy Gun 9733 | -5/Warlord | Identified Vortex Rail 9744 | -5/Warlord | Warlord's base attacked by MAIN.C 9762 | -5/Warlord | Met Warlord 9769 | -5/Warlord | Opened Warlord's prototype stash 9780 | -5/Warlord | Found Prototype Device 9780 | -5/Warlord | Identified Exp. Phase Shifter 9787 | -5/Warlord | Found Prototype Device 9787 | -5/Warlord | Identified Thermal Barrier 9794 | -5/Warlord | Found Prototype Reactor 9794 | -5/Warlord | Identified Vortex Chain Reactor 9918 | -5/Warlord | Lost 4 allies 9941 | -5/Warlord | Opened side exit 10068 | -5/Warlord | Build established: Mutant 10094 | -5/Warlord | Warlord forces counterattacked 10111 | -5/Warlord | Discovered new exit (range 11) 10116 | -5/Warlord | Entered Proximity Caves 10178 | -4/Proximity Caves | Spotted B-86 Titan 10478 | -4/Proximity Caves | Discovered new exit (range 9) 10481 | -4/Proximity Caves | Learned Research trap positions 10573 | -4/Proximity Caves | Entered Factory 10573 | -4/Factory | Evolved 2 slots: Propulsion x1, Utility x1 10575 | -4/Factory | Loaded intel: 191 non-interactive machine locations 10576 | -4/Factory | Loaded intel: 26 terminal locations 10592 | -4/Factory | Garrison activated, responded to threat 10849 | -4/Factory | Discovered new exit (range 6) 10855 | -4/Factory | Fabricated Cmb. Antigrav System? 10862 | -4/Factory | Identified exit to Upper Caves 10862 | -4/Factory | Identified exit to Armory 10878 | -4/Factory | Build established: Hacker-Scout 10893 | -4/Factory | Repaired Centrium Medium Armor Plating? 10958 | -4/Factory | Repaired Hyp. Mass Driver? 11252 | -4/Factory | Repaired Broken Cld. Antigrav System 11316 | -4/Factory | Entered Upper Caves 11317 | -4/Upper Caves | Encountered a Warlord checkpoint 11320 | -4/Upper Caves | Build established: Machinist-Mutant 11540 | -4/Upper Caves | Spotted B-86 Titan 11570 | -4/Upper Caves | Learned Research garrison access intel 11628 | -4/Upper Caves | Build established: Machinist-Scout 11766 | -4/Upper Caves | Discovered new exit (range 8) 11776 | -4/Upper Caves | Entered another Upper Caves area 12062 | -4/Upper Caves | Discovered new exit (range 4) 12066 | -4/Upper Caves | Build established: Hacker-Scout 12119 | -4/Upper Caves | Entered Zhirov 12120 | -4/Zhirov | Discovered new exit (range 3) 12127 | -4/Zhirov | Met Zhirov 12139 | -4/Zhirov | Found Alien Artifact 12139 | -4/Zhirov | Identified Integrated Dissipator 12139 | -4/Zhirov | Installed Integrated Dissipator, increased core heat dissipation (+20) 12215 | -4/Zhirov | Found Alien Artifact 12231 | -4/Zhirov | Learned location of Quarantine (-2) 12231 | -4/Zhirov | Learned location of Testing (-3) 12231 | -4/Zhirov | Learned location of Command (-1) 12234 | -4/Zhirov | Zhirov requested help retrieving the SGEMP Prototype 12251 | -4/Zhirov | Entered Proximity Caves 12384 | -3/Proximity Caves | Attracted the attention of an 0b10 checkpoint 12599 | -3/Proximity Caves | Spotted B-86 Titan 12652 | -3/Proximity Caves | Acquired the password to a Derelict Tinkerer's latest research 12744 | -3/Proximity Caves | Attracted the attention of an 0b10 outpost 12752 | -3/Proximity Caves | Caught by Unaware searching for contraband prototypes 12796 | -3/Proximity Caves | Discovered new exit (range 10) 12808 | -3/Proximity Caves | Entered Research 12808 | -3/Research | Evolved 2 slots: Propulsion x1, Utility x1 12809 | -3/Research | Identified exit to Research 12810 | -3/Research | Loaded intel: 97 trap records 12812 | -3/Research | Loaded intel: 3 garrison access locations 13008 | -3/Research | Revision forces began assault on 0b10 13066 | -3/Research | Found Powered Armor 13087 | -3/Research | Identified exit to Testing 13087 | -3/Research | Discovered exit to Research (range 16) 13139 | -3/Research | Met up with Revision 17++ 13258 | -3/Research | Fabricated Assault Drone Bay? 13313 | -3/Research | Entered Testing 13409 | -3/Testing | Protovariant out of control (PP-F8F6968QHN) 13409 | -3/Testing | Unleashed a protovariant (PP-F8F6968QHN) 13426 | -3/Testing | Build established: Machinist-Mutant 13468 | -3/Testing | Fabricated Cld. Antigrav System? 13579 | -3/Testing | Fabricated Cld. Antigrav System? 13580 | -3/Testing | Found Prototype Energy Gun 13580 | -3/Testing | Identified Warp Gun 13609 | -3/Testing | Search patrols dispatched 13667 | -3/Testing | Found Prototype Ballistic Gun 13667 | -3/Testing | Identified Hyp. Multirail 13686 | -3/Testing | Scanned by Researcher 13696 | -3/Testing | Found Prototype Protection 13696 | -3/Testing | Identified Hvy. Regenerative Plating 13700 | -3/Testing | Found Lgt. Regenerative Plating 13711 | -3/Testing | Found Prototype Launcher 13711 | -3/Testing | Identified Adv. Micro-nuke Launcher 13735 | -3/Testing | Spotted Striker 13914 | -3/Testing | Found Prototype Energy Cannon 13914 | -3/Testing | Identified Disintegrator 14007 | -3/Testing | Found Prototype Device 14007 | -3/Testing | Identified 2N-1CE's Frost Array 14102 | -3/Testing | Entered Research 14102 | -2/Research | Warlord forces began assault on 0b10 14102 | -2/Research | Evolved 2 slots: Propulsion x1, Utility x1 14207 | -2/Research | Identified exit to Quarantine 14212 | -2/Research | Research machine network offline 14363 | -2/Research | Spotted Striker 14372 | -2/Research | Spotted Striker 14430 | -2/Research | Met up with Warlord 14450 | -2/Research | Lost 3 allies 14475 | -2/Research | Build established: Hacker-Mutant 14506 | -2/Research | Entered Quarantine 14578 | -2/Quarantine | Identified exit to Access 14620 | -2/Quarantine | Found Alien Slashing Weapon 14620 | -2/Quarantine | Identified Sigix Broadsword 14659 | -2/Quarantine | Lost 4 allies 14683 | -2/Quarantine | Cryocooling Duct disabled 14698 | -2/Quarantine | Ambient heat levels rising (+20) 14698 | -2/Quarantine | Non-combat units ordered to evacuate 14731 | -2/Quarantine | Found Alien Artifact 14739 | -2/Quarantine | Identified Phase Redirector 14750 | -2/Quarantine | Found Alien Impact Weapon 14834 | -2/Quarantine | Found Alien Energy Cannon 14834 | -2/Quarantine | Identified Core Cannon 14839 | -2/Quarantine | Identified Core Stripper 14854 | -2/Quarantine | Spotted Fortress 14875 | -2/Quarantine | Destroyed Fortress 14880 | -2/Quarantine | Found Vortex Chain Reactor 14883 | -2/Quarantine | Found Exp. EM Disruption Field 14887 | -2/Quarantine | Found Prototype Device 14887 | -2/Quarantine | Identified Exp. Force Field 14922 | -2/Quarantine | Discovered new exit (range 5) 14923 | -2/Quarantine | Identified exit to Section 7 14923 | -2/Quarantine | Entered Section 7 14947 | -2/Section 7 | Found Integrated Dissipator 14947 | -2/Section 7 | Installed Integrated Dissipator, increased core heat dissipation (+20) 15070 | -2/Section 7 | Discovered exit to Access (range 13) 15128 | -2/Section 7 | Found Alien Artifact 15162 | -2/Section 7 | Identified Integrity Redistributor 15185 | -2/Section 7 | Spotted B-99 Colossus 15212 | -2/Section 7 | Found Alien Artifact 15212 | -2/Section 7 | Identified Core Reset Matrix 15212 | -2/Section 7 | Identified Transdimensional Reconstructor 15212 | -2/Section 7 | Used Core Reset Matrix 15216 | -2/Section 7 | Sensed 16 artifacts in vicinity 15230 | -2/Section 7 | Found LRC Storage 15230 | -2/Section 7 | Installed LRC Storage, increased inventory capacity (+2) 15264 | -2/Section 7 | Spotted Alpha 7 15312 | -2/Section 7 | Destroyed Alpha 7 15321 | -2/Section 7 | Found Prototype Processor 15321 | -2/Section 7 | Identified Exp. Target Analyzer 15324 | -2/Section 7 | Found Prototype Processor 15324 | -2/Section 7 | Identified Exp. Targeting Computer 15353 | -2/Section 7 | Found Core Reset Matrix 15356 | -2/Section 7 | Sensed 14 artifacts in vicinity 15391 | -2/Section 7 | Spotted Executioner 15399 | -2/Section 7 | Found Hpw. Transdimensional Reconstructor 15468 | -2/Section 7 | Discovered exit to Access (range 10) 15514 | -2/Section 7 | Found Integrated Reactor 15514 | -2/Section 7 | Installed Integrated Reactor, increased core energy generation (+10) 15566 | -2/Section 7 | Found Integrated Mediator 15566 | -2/Section 7 | Installed Integrated Mediator, increased core attachment efficiency 15587 | -2/Section 7 | Entered Access 15587 | -1/Access | Evolved 2 slots: Power x1, Weapon x1 15734 | -1/Access | Spotted B-99 Colossus 15735 | -1/Access | Identified exit to Command 15735 | -1/Access | Identified exit to Surface 15746 | -1/Access | Build established: Alien-Scout 16066 | -1/Access | Found Unknown Launcher 16066 | -1/Access | Identified Fusion Bomb Launcher 16123 | -1/Access | Entered Command 16253 | -1/Command | Spotted B-99 Colossus 16289 | -1/Command | Disengaged cave seal 16289 | -1/Command | Derelicts emerged from the dark tunnel 16289 | -1/Command | Welcomed Warlord to Command 16336 | -1/Command | Disengaged cave seal 16540 | -1/Command | Lost 4 allies 16617 | -1/Command | Warlord commented on Warlord statues 16632 | -1/Command | Spotted Combat Programmer 16632 | -1/Command | Spotted M Guard 16636 | -1/Command | Spotted M Guard 16640 | -1/Command | Spotted Combat Programmer 16648 | -1/Command | Combat Programmer assimilated allied KN-D1R(L) 16648 | -1/Command | Spotted KN-D1R(L) 16659 | -1/Command | Combat Programmer assimilated allied MM-YAY(L) 16661 | -1/Command | Spotted MM-YAY(L) 16672 | -1/Command | All MAIN.C guards destroyed 16692 | -1/Command | Lost 16 allies 16718 | -1/Command | Build established: Alien-Mutant 17123 | -1/Command | First assault squad dispatched 17189 | -1/Command | Lost 8 allies 17240 | -1/Command | Met MAIN.C 17241 | -1/Command | 0b10 Conduit disabled 17292 | -1/Command | Destroyed MAIN.C Shell 17294 | -1/Command | MAIN.C activated Command garrisons 17367 | -1/Command | Used Integrity Redistributor, redistributed integrity from core (-250) 17369 | -1/Command | Lost 7 allies 17391 | -1/Command | Core integrity fell below 50% 17395 | -1/Command | Failed to warp due to unstable space 17402 | -1/Command | Emitted hypermatrix ping 17407 | -1/Command | Assembled emerged from beneath the floor 17407 | -1/Command | Core integrity fell below 20% 17410 | -1/Command | Destroyed by S-43 Plague with Heavy Machine Gun Last Messages --------------- 17408_ Sigix Broadsword destroyed. 17408_ Slug penetrates S-43 Plague. 17409_ C-57 Dissector destroyed. 17409_ P-80 Master suffers critical hit (Burn). 17409_ S-43 Plague destroyed. 17409_ as-71635 suffers critical hit (Destroy). 17409_ as-71635 destroyed. 17409_ Slug penetrates as-98755. 17409_ as-98755 destroyed. 17409_ S-43 Plague destroyed. 17410_ G-73 Enforcer suffers critical hit (Destroy). 17410_ Destroyed Lgt. Quantum Reactor. 17410_ HV Slug penetrates Warlord AM-PH4. 17410_ HV Slug penetrates Wall. 17410_ S-43 Plague destroyed. 17410_ Hyp. Multirail blown off. 17410_ Exp. Coolant Injector blown off. 17410_ E-15 Imp destroyed. 17410_ as-54226 destroyed. Map ----- +----------------------------------------------------+ | ?????????????????# #??????????????????????# "" | | ?????????????????# #??????????????????????+ " | | ?????????????????# #??????????????????????# | | ?????????????????# #??????????????????????# | | ?????????????????# #??????????????????????# | | ?????????????????# #??????????????????????# | | ?????????????????# #??????????????????????# | | ?????????????????# #??????????????????????#+#### | | ?????????????????# #??????????????????????# #??? | | ?????????????????# #?????????????????????##+#### | | ?????????????????# #?????????????????????# = | | ?????????????????# #?????????????????????# | | ?????????????????# #?????????????????????# "" | | ################## #?????????????????????# "" | | % # ;d #?????????????????????# ""= | | [% #### #?????????????????????# "Y== | | %" #??# #?????????????????????# ""%* | | ########"## #??# #?????????????????????# ""!= | | ???????# # ####% l#####?????????????????# "" | | ????????## ## #[ = #####?#####?#####???# | | ?????????## #%a%*=! ### #?# #???# | | ??????????# l##hlhsl! % W ### W ##########+ | | ??????????# g p g!s%/ g g R / | | ??????????# sg%=%%// p g / | | ??????????# ! p!xg%==!%cl g s | | ??????????# !h|gb c@ s s / | | ??????????# =gM ! s s / | | ??????????# # =s % # W ### W ######## | | ??????????###### =%g #?# #??????# | | ??????????????# = ! ### #####?#####??????# | | ?????????????# |s!% #####????????????????# == | | ?????????????#### [ # #???????????????????#=%[ | | ????????????????# %gi ###???????????????????# *= | | ????????????????## !s## ?????????????????????# | | ??????????????? # % # #?????????????????????# | | ??????????????# # ! ####?????????????????????# | | ??????????????# # ??????????????????????# | | ??????????????# !%% ?????????????????####### | | ??????????????# ?????????????????# | | ???????????????# # ??????????????????# | | ?????????????????# #??????????????????# | | ?????????????????? ???????????????????# | | ????????????????????????????????????????# #######+ | | ????????????????????????????????????????# ##= | | ????????????????????????????????????????# ## | | ????????????????????????????????????????# ## | | ????????????????????????????????????????# ## | | ????????????????????????????????????????# ## | | ????????????????????????????????????????# ## | | ????????????????????????????????????????# ## | +----------------------------------------------------+ Best States ------------- Heat Dissipation 192 Coolant Potential 120 Energy Generation 83 Energy Capacity 735 Matter Stores 300 Matter Capacity 300 Sight Range 16 Robot Scan Range 20 Terrain Scan Range 24 Terrain Scan Density 210 ECM Strength 2 Cloak Strength 4 Additional Mass Support 9 EM Shielding 4 Corruption Block 20 Armor Coverage 825 Resistance: EM 75 Core Shielding 20 Propulsion Shielding 90 Point Defense Rating 240 Weapon Cycling 25 Phase Shifting 20 Evasion (%) 88 Target Analysis 10 Recoil Reduction 6 Matter Filtering 30 Kinecelleration 40 Offensive Hacking 40 Defensive Hacking 34 Authchip Count 2 Item Schematics ----------------- Cmb. Linear Gravjet | -1/Access | Hacked Robot Schematics ------------------ None Fabricated ------------ R-06 Scavenger | x1 | -7/Factory | Preloaded Combat Drone Bay | x1 | -6/Factory Hyp. Mass Driver | x2 | -5/Factory | Preloaded Micro-nuke Launcher | x1 | -5/Factory Cmb. Gravmag System | x2 | -5/Factory | Authchip Cmb. Gravmag System | x2 | -5/Factory | Authchip Cmb. Antigrav System | x2 | -4/Factory | Preloaded Assault Drone Bay | x1 | -3/Research Cld. Antigrav System | x1 | -3/Testing | Authchip Cld. Antigrav System | x1 | -3/Testing Alien Tech Used ----------------- Integrated Dissipator Sigix Broadsword Core Cannon Core Stripper Core Reset Matrix LRC Storage Integrated Reactor Integrated Mediator Integrity Redistributor High-powered Transdimensional Reconstructor Achievements -------------- None Challenges ------------ None Game ------ Seed HellfireColdFalx Manual? 0 Play Time 08:11:47 Cumulative 1075.9 hours Start 2024.04.16 @ 20:52:20 End 2024.04.17 @ 21:25:48 Sessions 7 Manual Loads 0 Difficulty Rogue Special Mode None Game No. 229 Rogue 197 Adventurer 31 Explorer 1 Win Type - Total 49 Types 33/1/7/7/0/0/1/0/0 Lore% 84 Gallery% 90 Achievement% 80 Wizard Run 0 Options --------- Layout 1 ASCII 0 Keyboard 0 Movement Arrows Keybinds 0 Fullscreen 1 Font 24/Terminus Map View 50x40 Zoom Use 0% Tactical HUD 1 Map Filters NONE Filters NONE Steam 1 RUN: d4069399-9476-438b-8186-7246b89668aa